 Dungeon Crawl Stone Soup version 0.23-a0-307-gc3b755d021 (webtiles) character file.

303 PikkenKukken the Skirmisher (level 6, -2/48 HPs)
             Began as a Demonspawn Fighter on Oct 10, 2018.
             Was a Follower of Uskayaw.
             Slain by a troll (6 damage)
             ... on level 4 of the Dungeon.
             The game lasted 00:03:58 (3397 turns).

PikkenKukken the Skirmisher (Demonspawn Fighter)    Turns: 3397, Time: 00:03:58

Health: -2/48      AC:  6    Str: 22    XL:     6   Next: 15%
Magic:  7/7        EV:  8    Int:  9    God:    Uskayaw [*.....]
Gold:   179        SH: 10    Dex: 12    Spells: 5/5 levels left

rFire    + . .     SeeInvis .   a - +1 trident
rCold    + . .     Gourm    .   c - +1 shield
rNeg     . . .     Faith    .   b - +0 scale mail
rPois    .         Spirit   .   (helmet restricted)
rElec    .         Reflect  .   i - scarf {rC+ rF+}
rCorr    .         Harm     .   (no gloves)
MR       .....                  (no boots)
Stlth    ..........             (no amulet)
HPRegen  0.16/turn              m - +3 ring of strength
MPRegen  0.10/turn              (no ring)

@: no status effects
A: antennae 1, talons 1
a: Stomp, Renounce Religion


You were on level 4 of the Dungeon.
You worshipped Uskayaw.
Uskayaw was noncommittal.
You were very hungry.

You visited 1 branch of the dungeon, and saw 4 of its levels.

You collected 179 gold pieces.

Inventory:

Hand Weapons
 a - a +1 trident (weapon)
Armour
 b - a +0 scale mail (worn)
 c - a +1 shield (worn)
 i - a scarf of resistance (worn)
Jewellery
 m - a +3 ring of strength (left hand)
Scrolls
 e - 3 scrolls of identify
 j - a scroll of amnesia
Potions
 d - a potion of might
 g - a potion of haste {unknown}
 h - a potion of lignification {unknown}
 l - a potion of resistance {unknown}
 n - a potion of degeneration {unknown}
Comestibles
 f - 5 rations


   Skills:
 + Level 3.8 Fighting
 * Level 3.5 Polearms
 + Level 3.4 Armour
 + Level 1.9 Dodging
 + Level 3.4 Shields
 + Level 2.3 Invocations


You had 5 spell levels left.
You didn't know any spells.
Your spell library was empty.

Dungeon Overview and Level Annotations

Branches:
Dungeon (4/15)
 Temple: D:4-7

Altars:
Kikubaaqudgha
Nemelex Xobeh
Uskayaw


Innate Abilities, Weirdness & Mutations

You have a pair of small antennae on your head.
You have sharp toenails.


Message History

Found a scroll labeled TEAVEV NUICRI and 5 gold pieces.
Found a sparkling altar of Nemelex Xobeh.
Found a transporter.
Found a runed shield.
There is an open door here.
Found a ration.
There is a sparkling altar of Nemelex Xobeh here.
There is a transporter here.
Nemelex Xobeh says, "You lose!"
A transporter appears.
You enter the transporter and appear at another place.
You puncture the troll!
The troll is moderately wounded.
You block the hound skeleton's attack. The troll bites you!
The troll claws you! x2
The hound skeleton bites you but does no damage.
The troll bites you!
* * * LOW HITPOINT WARNING * * *
You block the troll's attack. The troll claws you.
You die...

###### ########
#..... #......#
###.##<.
#.####.###......#
#.# #..<.......#
#.# #####.#.##.#
### ######..
▓▓▓▓▓▓▓###▓▓▓▓▓▓
#..
▓⌠.@Z⌠▓§©§▓⌠.©.⌠
#..
▓...T.▓._.▓..$[.
#..
▓.....▓...▓.?8..
##.
▓.....▓...▓...%.
#.
▓⌠.©.⌠▓...▓⌠...⌠
#.
▓▓▓▓▓▓▓...▓▓▓▓▓▓
#. ##'##### ..
#..# #.# ##
####.## #.# #


You could see a troll and a hound skeleton.

Vanquished Creatures
  A scorpion (D:4)
  A hound (D:4)
  Crazy Yiuf (D:4)
  2 worker ants (D:4)
  Robin (D:4)
  3 adders
  An ooze (D:3)
  2 worms
  2 adder skeletons (D:4)
  3 dart slugs
  A leopard gecko (D:2)
  4 bat zombies (D:4)
  A giant cockroach (D:1)
  18 goblins
  11 hobgoblins
  3 jackals (D:2)
  3 quokkas (D:3)
  9 bats
  6 frilled lizards
  7 kobolds
  7 rats
  A rat zombie (D:4)
88 creatures vanquished.

Notes
Turn   | Place    | Note
-------+----------+-------------------------------------------
     0 | D:1      | PikkenKukken the Demonspawn Fighter began the quest for the
                  | Orb.
     0 | D:1      | Reached XP level 1. HP: 18/18 MP: 1/1
   303 | D:1      | Gained mutation: You have sharp toenails. [demonic
                  | ancestry]
   303 | D:1      | Reached XP level 2. HP: 24/24 MP: 2/2
   965 | D:2      | Reached XP level 3. HP: 29/29 MP: 3/3
  1089 | D:2      | Found a hide-covered altar of Uskayaw.
  1098 | D:2      | Became a worshipper of Uskayaw the Reveler
  1147 | D:2      | Reached * piety under Uskayaw
  1254 | D:2      | Reached skill level 1 in Dodging
  1254 | D:2      | Reached ** piety under Uskayaw
  1719 | D:2      | Reached XP level 4. HP: 23/35 MP: 4/4
  2296 | D:4      | Reached skill level 1 in Invocations
  2385 | D:4      | Noticed Robin
  2395 | D:4      | Killed Robin
  2422 | D:4      | Gained mutation: You have a pair of small antennae on your
                  | head. [demonic ancestry]
  2422 | D:4      | Reached XP level 5. HP: 32/41 MP: 4/6
  2500 | D:4      | Found a runed door.
  2504 | D:4      | Noticed Crazy Yiuf
  2509 | D:4      | Killed Crazy Yiuf
  2559 | D:4      | Found an ancient bone altar of Kikubaaqudgha.
  2610 | D:4      | Reached *** piety under Uskayaw
  2612 | D:4      | Reached **** piety under Uskayaw
  3137 | D:4      | Reached XP level 6. HP: 34/48 MP: 7/7
  3388 | D:4      | Found a sparkling altar of Nemelex Xobeh.
  3388 | D:4      | Found a transporter.
  3388 | D:4      | Noticed a troll
  3397 | D:4      | Slain by a troll

Vault maps used:
D:1:      dpeg_arrival_short_road
D:2:      lemuel_coloured_pillars_altar
D:3:      first_ration
D:4:      lemuel_zombie_altar_kikubaaqudgha, grunt_nemelex_the_gamble,
          uniq_robin, uniq_crazy_yiuf_cottage

Skill      XL: |  1  2  3  4  5 |
---------------+----------------+-----
Polearms       | 2 3 |  3.5
Dodging        | 1 |  1.9
Shields        | 3 |  3.4
Armour         | 3 |  3.4
Invocations    | 1 2 |  2.3
Fighting       | |  3.8

Action                   |  1- 3 |  4- 6 || total
-------------------------+-------+-------++-------
Melee: Trident           |   134 |   134 ||   268
       Kick              |    19 |    33 ||    52
  Use: Scroll            |     2 |     3 ||     5
 Stab: Paralysed         |       |     2 ||     2
  Eat: Chunk             |     3 |     4 ||     7
Armor: Scale mail        |    57 |    43 ||   100
Dodge: Dodged            |    25 |    27 ||    52
Block: Shield            |    46 |    62 ||   108

Table legend:
 A = Non-vault XP
 B = Vault XP
 C = Vault XP percentage of total XP
 D = Non-vault monster count
 E = Vault monster count
 F = Vault count percentage of total count
                 A         B        C        D         E       F
            +---------+---------+-------+---------+---------+-------
      Total |     348 |      85 |  19.6 |      71 |      17 |  19.3
            +---------+---------+-------+---------+---------+-------
        D:1 |      40 |       0 |   0.0 |      25 |       0 |   0.0
        D:2 |      59 |       0 |   0.0 |      24 |       0 |   0.0
        D:3 |      38 |       0 |   0.0 |      13 |       0 |   0.0
        D:4 |     211 |      85 |  28.7 |       9 |      17 |  65.4
            +---------+---------+-------+---------+---------+-------
